[ AOE2 MATCH · #469280027 ]
Team RMMongols vs Turks
[ REPLAY ANALYSIS · EXTRACTED FROM THE RECORDED GAME ]
Feudal
12:58
Castle
16:36
Imperial
33:03
| APM avg | 23.0 |
| APM peak | 59 |
| eAPM avg | 17.0 |
| Villagers / military | 166 / 69 |
Focus
⚔️ 20.0% · 🌾 80.0%
Mangudai ×59 · Monk ×5 · Trebuchet (Packed) ×5
Feudal
12:21
Castle
32:58
Imperial
—
| APM avg | 9.2 |
| APM peak | 25 |
| eAPM avg | 7.1 |
| Villagers / military | 67 / 13 |
Focus
⚔️ 17.6% · 🌾 82.4%
Trade Cart ×13 · Militia ×7 · Archer ×6
Feudal
15:26
Castle
31:31
Imperial
—
| APM avg | 19.5 |
| APM peak | 49 |
| eAPM avg | 11.1 |
| Villagers / military | 85 / 41 |
Focus
⚔️ 22.5% · 🌾 77.5%
Spearman ×18 · Scout Cavalry ×13 · Militia ×10
Feudal
15:54
Castle
20:28
Imperial
33:11
| APM avg | 16.7 |
| APM peak | 38 |
| eAPM avg | 14.2 |
| Villagers / military | 119 / 45 |
Focus
⚔️ 16.3% · 🌾 83.7%
Organ Gun ×44 · Monk ×1
Feudal
13:07
Castle
21:09
Imperial
—
| APM avg | 17.1 |
| APM peak | 40 |
| eAPM avg | 12.8 |
| Villagers / military | 98 / 116 |
Focus
⚔️ 31.7% · 🌾 68.3%
Skirmisher ×94 · Unknown (2550) ×34 · Archer ×15 · Battering Ram ×3 · Petard ×2 · Kamayuk ×2
Feudal
11:10
Castle
—
Imperial
—
| APM avg | 5.4 |
| APM peak | 36 |
| eAPM avg | 2.4 |
| Villagers / military | 35 / 0 |
Focus
⚔️ 2.7% · 🌾 97.3%
Feudal
15:25
Castle
22:19
Imperial
40:07
| APM avg | 25.5 |
| APM peak | 71 |
| eAPM avg | 12.9 |
| Villagers / military | 106 / 33 |
Focus
⚔️ 18.9% · 🌾 81.1%
Knight ×33
Feudal
10:31
Castle
—
Imperial
—
| APM avg | 4.4 |
| APM peak | 30 |
| eAPM avg | 2.2 |
| Villagers / military | 22 / 3 |
Focus
⚔️ 13.6% · 🌾 86.4%
Militia ×3
Match map
Initial resources + every placement click. Lines = walls · curves = elevation contours. ◆ gold · ⬟ stone · ● berries · ✦ relic · ◌ wall gap
Your base· ✓ Closed at 16:36 · 0t walls · fragile
しこっぴ's base· Open — opponent sealed themselves in
Luigi's base· ✓ Closed at 31:31 · 62t walls · 3 gate(s)
打狗棍专打疯狗恶狗's base· ✓ Closed at 20:28 · 0t walls · fragile
Marul's base· Open — opponent sealed themselves in
TerciosBlanquiazules's base· ✓ Closed at 12:00 · 0t walls · fragile
hzhzyumin's base· ✓ Closed at 22:19 · 27t walls · fragile
[ART] Amnesia's base· ✓ Closed at 12:00 · 11t walls · 1 gate(s) · fragile
Smoothed initial terrain · ◌ = detected wall gap · hover for details
Inputs per minute
— Orange Jiangzc - - しこっぴ
Build order — Orange Jiangzc
First 150 of 393 actions detected
| 0:03 | Create | Villager (Male) |
| 0:04 | Create | Villager (Male) |
| 0:04 | Create | Villager (Male) |
| 0:05 | Build | House |
| 0:07 | Build | House |
| 0:32 | Create | Villager (Male) |
| 0:32 | Create | Villager (Male) |
| 0:33 | Create | Villager (Male) |
| 1:35 | Create | Villager (Male) |
| 1:36 | Create | Villager (Male) |
| 1:36 | Create | Villager (Male) |
| 1:53 | Build | Lumber Camp |
| 2:02 | Create | Villager (Male) |
| 2:49 | Create | Villager (Male) |
| 2:50 | Create | Villager (Male) |
| 2:50 | Create | Villager (Male) |
| 2:50 | Create | Villager (Male) |
| 2:50 | Create | Villager (Male) |
| 3:08 | Create | Villager (Male) |
| 3:09 | Create | Villager (Male) |
| 3:09 | Create | Villager (Male) |
| 3:50 | Create | Villager (Male) |
| 3:50 | Create | Villager (Male) |
| 3:51 | Create | Villager (Male) |
| 4:00 | Build | Mill |
| 4:05 | Build | House |
| 4:23 | Create | Villager (Male) |
| 4:23 | Create | Villager (Male) |
| 4:23 | Create | Villager (Male) |
| 4:23 | Create | Villager (Male) |
| 4:39 | Create | Villager (Male) |
| 4:39 | Create | Villager (Male) |
| 4:40 | Create | Villager (Male) |
| 5:08 | Create | Villager (Male) |
| 5:08 | Create | Villager (Male) |
| 5:08 | Create | Villager (Male) |
| 5:08 | Create | Villager (Male) |
| 6:16 | Build | Mill |
| 6:21 | Create | Villager (Male) |
| 6:22 | Create | Villager (Male) |
| 6:23 | Create | Villager (Male) |
| 6:23 | Create | Villager (Male) |
| 6:23 | Create | Villager (Male) |
| 6:31 | Build | House |
| 6:46 | Build | House |
| 6:53 | Create | Villager (Male) |
| 6:54 | Create | Villager (Male) |
| 6:55 | Create | Villager (Male) |
| 7:40 | Build | Mining Camp |
| 8:53 | Create | Villager (Male) |
| 8:55 | Research | Feudal Age |
| 9:16 | Build | Mining Camp |
| 9:32 | Create | Villager (Male) |
| 9:32 | Create | Villager (Male) |
| 9:33 | Create | Villager (Male) |
| 9:35 | Research | Feudal Age |
| 9:58 | Build | Farm |
| 9:58 | Build | Farm |
| 9:58 | Build | Farm |
| 9:58 | Build | Farm |
| 9:59 | Build | Farm |
| 9:59 | Build | Farm |
| 11:07 | Build | Lumber Camp |
| 11:20 | Build | House |
| 11:40 | Create | Villager (Male) |
| 11:40 | Create | Villager (Male) |
| 11:52 | Build | Farm |
| 11:52 | Build | Farm |
| 11:52 | Build | Farm |
| 11:55 | Build | Farm |
| 12:36 | Create | Villager (Male) |
| 12:36 | Create | Villager (Male) |
| 12:58 | Age | Feudal Age |
| 13:01 | Build | Market |
| 13:25 | Build | Blacksmith |
| 13:31 | Build | Farm |
| 13:32 | Build | Farm |
| 13:32 | Build | Farm |
| 13:32 | Build | Farm |
| 13:56 | Research | Castle Age |
| 13:56 | Research | Castle Age |
| 14:03 | Research | Double-Bit Axe |
| 14:04 | Research | Double-Bit Axe |
| 14:37 | Build | Farm |
| 14:37 | Build | Farm |
| 14:37 | Build | Farm |
| 14:37 | Build | Farm |
| 14:43 | Create | Villager (Male) |
| 14:44 | Create | Villager (Male) |
| 15:07 | Build | Farm |
| 15:08 | Build | Farm |
| 15:08 | Build | Farm |
| 15:09 | Build | Farm |
| 15:15 | Create | Villager (Male) |
| 15:31 | Research | Horse Collar |
| 15:31 | Research | Horse Collar |
| 15:31 | Research | Horse Collar |
| 15:52 | Build | House |
| 15:58 | Build | House |
| 16:36 | Age | Castle Age |
| 16:43 | Build | Castle |
| 16:57 | Create | Villager (Male) |
| 17:05 | Create | Villager (Male) |
| 17:09 | Research | Bow Saw |
| 17:09 | Research | Bow Saw |
| 17:10 | Research | Bow Saw |
| 17:15 | Build | Farm |
| 17:16 | Build | Farm |
| 17:16 | Build | Farm |
| 17:16 | Build | Farm |
| 17:16 | Build | Farm |
| 17:17 | Build | Farm |
| 17:17 | Build | Farm |
| 17:18 | Build | Farm |
| 17:18 | Build | Farm |
| 17:18 | Build | Farm |
| 17:25 | Create | Villager (Male) |
| 17:55 | Research | Heavy Plow |
| 18:08 | Create | Mangudai |
| 18:08 | Create | Mangudai |
| 18:26 | Research | Stone Mining |
| 18:26 | Research | Gold Mining |
| 18:37 | Create | Mangudai |
| 18:42 | Create | Villager (Male) |
| 18:43 | Create | Villager (Male) |
| 18:56 | Create | Mangudai |
| 19:00 | Create | Villager (Male) |
| 19:18 | Create | Mangudai |
| 19:33 | Create | Villager (Male) |
| 19:37 | Build | Farm |
| 19:49 | Create | Mangudai |
| 19:56 | Research | Fletching |
| 19:56 | Research | Padded Archer Armor |
| 20:04 | Create | Villager (Male) |
| 20:25 | Create | Villager (Male) |
| 20:26 | Create | Villager (Male) |
| 20:27 | Create | Mangudai |
| 20:39 | Create | Villager (Male) |
| 20:55 | Build | Town Center |
| 21:05 | Create | Villager (Male) |
| 21:12 | Research | Bodkin Arrow |
| 21:12 | Research | Bodkin Arrow |
| 21:12 | Research | Bodkin Arrow |
| 21:16 | Create | Mangudai |
| 21:17 | Create | Mangudai |
| 21:17 | Create | Mangudai |
| 22:00 | Create | Villager (Male) |
| 22:23 | Build | Town Center |
| 22:28 | Create | Villager (Male) |
| 22:29 | Create | Villager (Male) |
Build order — しこっぴ
First 150 of 196 actions detected
| 0:03 | Research | Loom |
| 0:04 | Create | Villager (Male) |
| 0:04 | Create | Villager (Male) |
| 0:04 | Create | Villager (Male) |
| 0:22 | Build | House |
| 0:24 | Build | House |
| 0:28 | Build | House |
| 1:19 | Build | House |
| 1:58 | Build | Lumber Camp |
| 2:06 | Create | Villager (Male) |
| 2:41 | Create | Villager (Male) |
| 2:47 | Create | Villager (Male) |
| 3:31 | Create | Villager (Male) |
| 3:39 | Create | Villager (Male) |
| 4:03 | Create | Villager (Male) |
| 4:33 | Create | Villager (Male) |
| 4:43 | Create | Villager (Male) |
| 5:24 | Create | Villager (Male) |
| 5:24 | Create | Villager (Male) |
| 5:24 | Create | Villager (Male) |
| 5:41 | Build | Mill |
| 5:55 | Create | Villager (Male) |
| 6:06 | Build | House |
| 6:45 | Build | House |
| 6:51 | Create | Villager (Male) |
| 6:51 | Create | Villager (Male) |
| 6:52 | Create | Villager (Male) |
| 6:53 | Create | Villager (Male) |
| 7:18 | Build | Barracks |
| 7:34 | Create | Villager (Male) |
| 7:34 | Create | Villager (Male) |
| 7:35 | Create | Villager (Male) |
| 8:32 | Build | House |
| 8:34 | Build | House |
| 8:48 | Create | Villager (Male) |
| 9:01 | Build | Mining Camp |
| 9:52 | Research | Feudal Age |
| 10:02 | Create | Militia |
| 10:03 | Create | Militia |
| 10:14 | Create | Militia |
| 10:43 | Create | Militia |
| 10:43 | Create | Militia |
| 11:00 | Build | Mining Camp |
| 11:10 | Create | Militia |
| 11:11 | Create | Militia |
| 12:21 | Age | Feudal Age |
| 12:23 | Research | Man-at-Arms (upgrade) |
| 12:24 | Research | Arson |
| 12:30 | Build | Watch Tower |
| 12:35 | Research | Town Watch |
| 12:39 | Build | Blacksmith |
| 13:35 | Research | Fletching |
| 13:44 | Build | Watch Tower |
| 13:53 | Create | Villager (Male) |
| 14:25 | Create | Villager (Male) |
| 15:00 | Build | Stone Wall |
| 15:23 | Build | Market |
| 16:26 | Create | Villager (Male) |
| 16:27 | Create | Villager (Male) |
| 16:53 | Build | Gate |
| 17:20 | Create | Villager (Male) |
| 17:21 | Create | Villager (Male) |
| 17:21 | Create | Villager (Male) |
| 17:34 | Build | Archery Range |
| 17:59 | Create | Villager (Male) |
| 18:00 | Create | Villager (Male) |
| 18:15 | Build | Market |
| 18:52 | Create | Villager (Male) |
| 18:53 | Create | Villager (Male) |
| 19:00 | Build | House |
| 19:02 | Build | House |
| 19:04 | Build | House |
| 19:19 | Create | Trade Cart |
| 19:20 | Create | Trade Cart |
| 19:31 | Build | Watch Tower |
| 19:47 | Create | Archer |
| 19:48 | Create | Archer |
| 19:48 | Create | Archer |
| 19:49 | Create | Archer |
| 20:02 | Create | Villager (Male) |
| 20:02 | Create | Villager (Male) |
| 20:14 | Build | House |
| 20:15 | Build | House |
| 20:56 | Build | Stone Wall |
| 20:58 | Build | Stone Wall |
| 21:00 | Build | Stone Wall |
| 21:19 | Build | Mill |
| 21:29 | Create | Villager (Male) |
| 21:58 | Build | Mill |
| 22:04 | Create | Archer |
| 22:04 | Create | Archer |
| 23:17 | Create | Trade Cart |
| 23:17 | Create | Trade Cart |
| 23:27 | Create | Villager (Male) |
| 24:02 | Create | Villager (Male) |
| 24:27 | Create | Trade Cart |
| 24:27 | Create | Trade Cart |
| 24:48 | Create | Villager (Male) |
| 24:49 | Create | Villager (Male) |
| 24:50 | Research | Double-Bit Axe |
| 24:54 | Research | Horse Collar |
| 25:27 | Create | Villager (Male) |
| 25:28 | Create | Villager (Male) |
| 25:49 | Build | Farm |
| 25:53 | Build | Farm |
| 25:55 | Build | Farm |
| 25:56 | Build | Farm |
| 25:59 | Build | Farm |
| 26:01 | Build | Farm |
| 26:02 | Build | Farm |
| 26:08 | Create | Villager (Male) |
| 26:08 | Create | Villager (Male) |
| 26:08 | Create | Villager (Male) |
| 26:37 | Build | House |
| 26:40 | Build | House |
| 26:48 | Build | House |
| 26:50 | Build | House |
| 26:54 | Build | Farm |
| 26:56 | Create | Villager (Male) |
| 28:00 | Build | Farm |
| 28:03 | Build | Farm |
| 28:04 | Build | Farm |
| 28:06 | Create | Villager (Male) |
| 28:07 | Create | Villager (Male) |
| 28:19 | Build | House |
| 28:23 | Build | House |
| 28:25 | Build | House |
| 28:31 | Create | Villager (Male) |
| 28:31 | Create | Villager (Male) |
| 28:51 | Build | Lumber Camp |
| 29:03 | Build | Mining Camp |
| 29:17 | Build | Farm |
| 29:19 | Build | Farm |
| 29:21 | Build | Farm |
| 29:42 | Create | Trade Cart |
| 29:42 | Create | Trade Cart |
| 30:14 | Build | Blacksmith |
| 30:18 | Research | Castle Age |
| 30:46 | Build | Mill |
| 31:39 | Research | Stone Mining |
| 31:40 | Research | Gold Mining |
| 31:58 | Create | Trade Cart |
| 31:58 | Create | Trade Cart |
| 31:59 | Create | Trade Cart |
| 31:59 | Create | Trade Cart |
| 31:59 | Create | Trade Cart |
| 32:45 | Research | Forging |
| 32:58 | Age | Castle Age |
| 33:00 | Research | Heavy Plow |
| 33:05 | Research | Bow Saw |
Build order — Luigi
First 150 of 213 actions detected
| 0:07 | Build | House |
| 0:08 | Build | House |
| 0:09 | Create | Villager (Male) |
| 0:09 | Create | Villager (Male) |
| 0:22 | Create | Villager (Male) |
| 0:50 | Create | Villager (Male) |
| 0:50 | Create | Villager (Male) |
| 1:03 | Research | Loom |
| 2:11 | Build | Palisade Wall |
| 2:23 | Build | Palisade Wall |
| 2:31 | Create | Villager (Male) |
| 2:31 | Create | Villager (Male) |
| 4:33 | Create | Villager (Male) |
| 5:34 | Create | Villager (Male) |
| 5:51 | Create | Villager (Male) |
| 6:28 | Create | Villager (Male) |
| 6:29 | Create | Villager (Male) |
| 7:06 | Create | Villager (Male) |
| 7:07 | Create | Villager (Male) |
| 7:30 | Create | Villager (Male) |
| 7:48 | Create | Villager (Male) |
| 8:01 | Build | House |
| 8:10 | Create | Villager (Male) |
| 8:14 | Build | House |
| 9:03 | Build | Lumber Camp |
| 9:06 | Create | Villager (Male) |
| 9:20 | Create | Villager (Male) |
| 9:48 | Create | Villager (Male) |
| 10:22 | Create | Villager (Male) |
| 10:40 | Build | Mill |
| 11:05 | Create | Villager (Male) |
| 11:05 | Create | Villager (Male) |
| 11:06 | Create | Villager (Male) |
| 11:34 | Create | Villager (Male) |
| 11:51 | Build | Mining Camp |
| 12:04 | Create | Villager (Male) |
| 13:04 | Build | Mill |
| 13:16 | Research | Feudal Age |
| 13:55 | Build | Barracks |
| 14:51 | Create | Villager (Male) |
| 15:24 | Create | Militia |
| 15:25 | Create | Militia |
| 15:26 | Age | Feudal Age |
| 15:32 | Build | House |
| 15:32 | Build | House |
| 15:32 | Build | House |
| 15:33 | Build | House |
| 16:05 | Build | Palisade Gate |
| 16:10 | Build | Stone Wall |
| 16:13 | Build | Gate |
| 16:35 | Build | Stone Wall |
| 16:38 | Build | Gate |
| 16:40 | Create | Villager (Male) |
| 16:40 | Create | Villager (Male) |
| 16:47 | Research | Man-at-Arms (upgrade) |
| 16:50 | Create | Villager (Male) |
| 16:50 | Create | Villager (Male) |
| 17:10 | Build | Lumber Camp |
| 17:15 | Build | Farm |
| 17:15 | Build | Farm |
| 17:15 | Build | Farm |
| 17:16 | Build | Farm |
| 17:35 | Create | Spearman |
| 17:35 | Create | Spearman |
| 17:35 | Create | Spearman |
| 17:40 | Create | Villager (Male) |
| 18:16 | Build | Farm |
| 18:20 | Build | Farm |
| 18:23 | Create | Villager (Male) |
| 18:24 | Create | Villager (Male) |
| 18:40 | Create | Villager (Male) |
| 19:02 | Create | Militia |
| 19:03 | Create | Spearman |
| 19:03 | Create | Spearman |
| 19:07 | Create | Villager (Male) |
| 19:43 | Build | House |
| 19:43 | Build | House |
| 19:43 | Build | House |
| 19:44 | Build | House |
| 19:44 | Build | House |
| 20:17 | Create | Villager (Male) |
| 20:18 | Create | Villager (Male) |
| 20:57 | Create | Villager (Male) |
| 20:57 | Create | Villager (Male) |
| 21:45 | Create | Militia |
| 21:45 | Create | Militia |
| 21:46 | Create | Militia |
| 21:48 | Create | Villager (Male) |
| 21:48 | Create | Villager (Male) |
| 21:51 | Build | Farm |
| 21:52 | Build | Farm |
| 21:52 | Build | Farm |
| 21:52 | Build | Farm |
| 21:52 | Build | Farm |
| 21:53 | Build | Farm |
| 21:53 | Build | Farm |
| 21:53 | Build | Farm |
| 22:24 | Build | Archery Range |
| 22:30 | Create | Villager (Male) |
| 22:52 | Create | Villager (Male) |
| 22:53 | Create | Villager (Male) |
| 22:59 | Build | House |
| 22:59 | Build | House |
| 23:00 | Build | House |
| 23:01 | Build | House |
| 23:04 | Create | Villager (Male) |
| 23:04 | Create | Villager (Male) |
| 23:16 | Build | Farm |
| 23:16 | Build | Farm |
| 23:17 | Build | Farm |
| 23:17 | Build | Farm |
| 23:17 | Build | Farm |
| 23:17 | Build | Farm |
| 23:52 | Build | Mining Camp |
| 23:53 | Create | Villager (Male) |
| 23:54 | Create | Villager (Male) |
| 24:01 | Build | Farm |
| 24:02 | Create | Villager (Male) |
| 24:49 | Create | Villager (Male) |
| 24:56 | Build | Farm |
| 24:56 | Build | Farm |
| 26:13 | Create | Villager (Male) |
| 26:13 | Create | Villager (Male) |
| 26:30 | Create | Villager (Male) |
| 26:30 | Create | Villager (Male) |
| 26:44 | Create | Villager (Male) |
| 26:44 | Create | Villager (Male) |
| 26:57 | Build | Farm |
| 26:57 | Build | Farm |
| 26:58 | Build | Farm |
| 26:58 | Build | Farm |
| 26:58 | Build | Farm |
| 27:12 | Build | Blacksmith |
| 27:17 | Build | Market |
| 27:20 | Create | Villager (Male) |
| 27:20 | Create | Villager (Male) |
| 27:26 | Build | House |
| 27:26 | Build | House |
| 27:27 | Build | House |
| 27:27 | Build | House |
| 27:46 | Build | Stable |
| 28:10 | Build | Stone Wall |
| 28:25 | Build | Farm |
| 28:25 | Build | Farm |
| 28:28 | Build | Farm |
| 28:34 | Create | Villager (Male) |
| 28:35 | Create | Villager (Male) |
| 28:43 | Create | Scout Cavalry |
| 28:43 | Create | Scout Cavalry |
| 28:44 | Create | Scout Cavalry |
Build order — 打狗棍专打疯狗恶狗
First 150 of 300 actions detected
| 0:08 | Build | House |
| 0:12 | Build | House |
| 0:27 | Create | Villager (Male) |
| 0:27 | Create | Villager (Male) |
| 0:27 | Create | Villager (Male) |
| 0:28 | Create | Villager (Male) |
| 2:01 | Create | Villager (Male) |
| 2:02 | Create | Villager (Male) |
| 2:21 | Create | Villager (Male) |
| 2:25 | Build | Lumber Camp |
| 2:53 | Create | Villager (Male) |
| 2:54 | Create | Villager (Male) |
| 3:16 | Create | Villager (Male) |
| 3:16 | Create | Villager (Male) |
| 3:44 | Create | Villager (Male) |
| 3:45 | Create | Villager (Male) |
| 5:09 | Build | House |
| 5:11 | Build | House |
| 5:13 | Build | House |
| 5:15 | Build | House |
| 5:59 | Create | Villager (Male) |
| 5:59 | Create | Villager (Male) |
| 6:47 | Create | Villager (Male) |
| 7:57 | Build | Mill |
| 8:05 | Create | Villager (Male) |
| 8:06 | Create | Villager (Male) |
| 8:11 | Create | Villager (Male) |
| 8:11 | Create | Villager (Male) |
| 8:55 | Research | Loom |
| 9:21 | Create | Villager (Male) |
| 9:21 | Create | Villager (Male) |
| 9:28 | Build | House |
| 9:33 | Build | House |
| 9:48 | Create | Villager (Male) |
| 9:48 | Create | Villager (Male) |
| 9:50 | Create | Villager (Male) |
| 10:03 | Create | Villager (Male) |
| 10:03 | Create | Villager (Male) |
| 10:08 | Create | Villager (Male) |
| 10:08 | Create | Villager (Male) |
| 10:09 | Create | Villager (Male) |
| 10:28 | Create | Villager (Male) |
| 10:28 | Create | Villager (Male) |
| 10:29 | Create | Villager (Male) |
| 11:00 | Create | Villager (Male) |
| 11:00 | Create | Villager (Male) |
| 11:14 | Build | Mining Camp |
| 11:15 | Build | Mining Camp |
| 11:23 | Create | Villager (Male) |
| 11:23 | Create | Villager (Male) |
| 12:46 | Create | Villager (Male) |
| 12:47 | Create | Villager (Male) |
| 13:30 | Research | Feudal Age |
| 14:38 | Build | Mining Camp |
| 14:41 | Create | Villager (Male) |
| 14:42 | Create | Villager (Male) |
| 15:51 | Build | Farm |
| 15:54 | Age | Feudal Age |
| 15:55 | Build | Farm |
| 15:56 | Build | Farm |
| 16:03 | Build | Farm |
| 16:04 | Build | Farm |
| 16:05 | Build | Farm |
| 16:07 | Build | Farm |
| 16:23 | Build | Blacksmith |
| 16:33 | Build | Market |
| 16:54 | Build | Farm |
| 16:56 | Create | Villager (Male) |
| 17:31 | Build | Farm |
| 17:48 | Research | Castle Age |
| 20:08 | Create | Villager (Male) |
| 20:08 | Create | Villager (Male) |
| 20:28 | Age | Castle Age |
| 21:14 | Build | Castle |
| 21:21 | Create | Villager (Male) |
| 21:22 | Create | Villager (Male) |
| 21:29 | Build | Farm |
| 21:30 | Build | Farm |
| 21:31 | Build | Farm |
| 21:37 | Create | Villager (Male) |
| 21:49 | Research | Double-Bit Axe |
| 21:51 | Create | Villager (Male) |
| 21:51 | Create | Villager (Male) |
| 22:26 | Build | Mining Camp |
| 22:29 | Create | Villager (Male) |
| 22:54 | Build | Mining Camp |
| 23:01 | Build | Monastery |
| 23:05 | Create | Organ Gun |
| 23:05 | Create | Organ Gun |
| 23:12 | Create | Villager (Male) |
| 23:12 | Create | Villager (Male) |
| 23:37 | Build | Town Center |
| 23:44 | Create | Villager (Male) |
| 23:44 | Create | Villager (Male) |
| 24:06 | Create | Organ Gun |
| 24:27 | Create | Villager (Male) |
| 24:27 | Create | Villager (Male) |
| 24:54 | Create | Monk |
| 25:01 | Create | Villager (Male) |
| 25:02 | Create | Villager (Male) |
| 25:41 | Create | Villager (Male) |
| 25:41 | Create | Villager (Male) |
| 25:46 | Create | Villager (Male) |
| 25:46 | Create | Villager (Male) |
| 25:52 | Build | Farm |
| 26:07 | Build | Farm |
| 26:07 | Build | Farm |
| 26:08 | Build | Farm |
| 26:09 | Create | Villager (Male) |
| 26:10 | Create | Villager (Male) |
| 26:12 | Create | Villager (Male) |
| 26:12 | Create | Villager (Male) |
| 26:29 | Create | Villager (Male) |
| 26:29 | Create | Villager (Male) |
| 27:19 | Build | Town Center |
| 27:22 | Create | Villager (Male) |
| 27:32 | Build | Farm |
| 27:33 | Build | Farm |
| 27:38 | Create | Villager (Male) |
| 27:38 | Create | Villager (Male) |
| 27:44 | Create | Villager (Male) |
| 27:44 | Create | Villager (Male) |
| 28:24 | Create | Villager (Male) |
| 28:39 | Create | Villager (Male) |
| 28:39 | Create | Villager (Male) |
| 28:43 | Create | Villager (Male) |
| 28:48 | Create | Villager (Male) |
| 28:50 | Create | Villager (Male) |
| 28:56 | Create | Villager (Male) |
| 29:15 | Build | Town Center |
| 30:01 | Research | Imperial Age |
| 30:02 | Research | Imperial Age |
| 30:10 | Create | Villager (Male) |
| 30:19 | Build | Farm |
| 30:24 | Build | Farm |
| 30:26 | Build | Farm |
| 30:27 | Build | Farm |
| 30:29 | Build | Farm |
| 30:30 | Create | Villager (Male) |
| 30:31 | Create | Villager (Male) |
| 30:32 | Create | Villager (Male) |
| 30:51 | Create | Organ Gun |
| 30:51 | Create | Organ Gun |
| 30:51 | Create | Organ Gun |
| 31:10 | Research | Stone Mining |
| 31:23 | Build | Stone Wall |
| 31:26 | Build | Gate |
| 31:44 | Research | Wheelbarrow |
| 31:46 | Create | Villager (Male) |
| 31:47 | Create | Villager (Male) |
Build order — Marul
First 150 of 267 actions detected
| 0:07 | Build | House |
| 0:08 | Build | House |
| 0:15 | Create | Villager (Male) |
| 0:16 | Create | Villager (Male) |
| 0:16 | Create | Villager (Male) |
| 0:16 | Create | Villager (Male) |
| 0:16 | Create | Villager (Male) |
| 0:19 | Create | Villager (Male) |
| 1:32 | Create | Villager (Male) |
| 1:32 | Create | Villager (Male) |
| 2:09 | Create | Villager (Male) |
| 2:09 | Create | Villager (Male) |
| 2:10 | Create | Villager (Male) |
| 2:25 | Create | Villager (Male) |
| 2:25 | Create | Villager (Male) |
| 2:52 | Create | Villager (Male) |
| 3:23 | Create | Villager (Male) |
| 3:28 | Build | House |
| 3:39 | Create | Villager (Male) |
| 3:40 | Create | Villager (Male) |
| 4:04 | Create | Villager (Male) |
| 4:05 | Create | Villager (Male) |
| 4:39 | Build | Settlement |
| 4:44 | Create | Villager (Male) |
| 5:03 | Create | Villager (Male) |
| 5:05 | Create | Villager (Male) |
| 5:45 | Create | Villager (Male) |
| 5:46 | Create | Villager (Male) |
| 5:46 | Create | Villager (Male) |
| 5:46 | Create | Villager (Male) |
| 6:16 | Build | Settlement |
| 6:22 | Create | Villager (Male) |
| 7:20 | Create | Villager (Male) |
| 7:48 | Create | Villager (Male) |
| 7:49 | Create | Villager (Male) |
| 8:07 | Research | Loom |
| 8:14 | Create | Villager (Male) |
| 8:14 | Create | Villager (Male) |
| 8:38 | Create | Villager (Male) |
| 8:38 | Create | Villager (Male) |
| 8:39 | Create | Villager (Male) |
| 8:39 | Create | Villager (Male) |
| 8:42 | Create | Villager (Male) |
| 9:29 | Build | Settlement |
| 9:52 | Build | Farm |
| 9:53 | Build | Farm |
| 10:01 | Create | Villager (Male) |
| 10:57 | Research | Feudal Age |
| 10:57 | Research | Feudal Age |
| 12:08 | Create | Villager (Male) |
| 12:08 | Create | Villager (Male) |
| 12:08 | Create | Villager (Male) |
| 13:07 | Age | Feudal Age |
| 13:11 | Build | Blacksmith |
| 13:43 | Build | Market |
| 14:13 | Build | Farm |
| 14:15 | Build | Farm |
| 14:16 | Build | Farm |
| 14:18 | Build | Farm |
| 14:23 | Build | Farm |
| 14:25 | Build | Farm |
| 14:26 | Build | Farm |
| 14:28 | Build | Farm |
| 14:30 | Create | Villager (Male) |
| 14:30 | Create | Villager (Male) |
| 15:38 | Create | Villager (Male) |
| 15:39 | Create | Villager (Male) |
| 15:58 | Build | Stone Wall |
| 16:04 | Build | Gate |
| 16:11 | Build | Barracks |
| 16:33 | Create | Villager (Male) |
| 16:33 | Create | Villager (Male) |
| 16:44 | Build | Archery Range |
| 17:08 | Build | Farm |
| 17:19 | Create | Villager (Male) |
| 17:20 | Create | Villager (Male) |
| 17:28 | Build | Farm |
| 17:30 | Research | Double-Bit Axe |
| 17:31 | Research | Horse Collar |
| 17:54 | Create | Archer |
| 17:55 | Create | Archer |
| 17:55 | Create | Archer |
| 17:55 | Create | Archer |
| 17:56 | Create | Archer |
| 17:56 | Create | Archer |
| 17:56 | Create | Archer |
| 17:56 | Create | Archer |
| 17:56 | Create | Archer |
| 17:57 | Create | Archer |
| 18:29 | Research | Castle Age |
| 18:31 | Create | Archer |
| 18:32 | Create | Archer |
| 18:46 | Research | Gold Mining |
| 19:15 | Create | Archer |
| 19:15 | Create | Archer |
| 19:40 | Create | Archer |
| 19:55 | Create | Villager (Male) |
| 19:55 | Create | Villager (Male) |
| 19:55 | Create | Villager (Male) |
| 19:55 | Create | Villager (Male) |
| 20:35 | Create | Skirmisher |
| 20:36 | Create | Skirmisher |
| 20:36 | Create | Skirmisher |
| 20:36 | Create | Skirmisher |
| 21:09 | Age | Castle Age |
| 21:37 | Build | Town Center |
| 21:44 | Create | Villager (Male) |
| 21:45 | Create | Villager (Male) |
| 21:53 | Research | Stone Mining |
| 22:17 | Research | Elite Skirmisher (upgrade) |
| 22:18 | Research | Thumb Ring |
| 22:19 | Create | Skirmisher |
| 22:19 | Create | Skirmisher |
| 22:19 | Create | Skirmisher |
| 22:20 | Create | Skirmisher |
| 22:20 | Create | Skirmisher |
| 23:06 | Research | Fletching |
| 23:11 | Create | Villager (Male) |
| 23:11 | Create | Villager (Male) |
| 23:12 | Create | Villager (Male) |
| 23:12 | Create | Villager (Male) |
| 23:16 | Create | Villager (Male) |
| 24:04 | Build | Archery Range |
| 24:14 | Build | Castle |
| 24:21 | Create | Villager (Male) |
| 24:21 | Create | Villager (Male) |
| 24:23 | Create | Villager (Male) |
| 24:26 | Create | Villager (Male) |
| 24:26 | Create | Villager (Male) |
| 24:46 | Build | Town Center |
| 25:06 | Create | Villager (Male) |
| 25:12 | Create | Villager (Male) |
| 25:27 | Create | Skirmisher |
| 25:28 | Create | Skirmisher |
| 25:28 | Create | Skirmisher |
| 25:28 | Create | Skirmisher |
| 25:28 | Create | Skirmisher |
| 25:28 | Create | Skirmisher |
| 26:29 | Build | Stone Wall |
| 26:35 | Create | Villager (Male) |
| 26:42 | Create | Villager (Male) |
| 26:42 | Create | Villager (Male) |
| 26:43 | Create | Villager (Male) |
| 26:43 | Create | Villager (Male) |
| 26:43 | Create | Villager (Male) |
| 26:43 | Create | Villager (Male) |
| 27:00 | Create | Villager (Male) |
| 27:01 | Create | Villager (Male) |
| 27:13 | Create | Villager (Male) |
| 27:46 | Build | Gate |
Build order — TerciosBlanquiazules
53 actions detected in the replay
| 0:01 | Create | Villager (Male) |
| 0:02 | Create | Villager (Male) |
| 0:02 | Create | Villager (Male) |
| 0:02 | Create | Villager (Male) |
| 0:04 | Build | House |
| 0:06 | Build | House |
| 1:34 | Create | Villager (Male) |
| 1:34 | Create | Villager (Male) |
| 2:00 | Create | Villager (Male) |
| 2:19 | Create | Villager (Male) |
| 2:19 | Create | Villager (Male) |
| 2:47 | Create | Villager (Male) |
| 3:11 | Create | Villager (Male) |
| 3:11 | Create | Villager (Male) |
| 3:30 | Build | House |
| 3:35 | Build | House |
| 3:40 | Build | Lumber Camp |
| 3:44 | Create | Villager (Male) |
| 3:45 | Create | Villager (Male) |
| 4:03 | Create | Villager (Male) |
| 4:03 | Create | Villager (Male) |
| 4:19 | Build | Mill |
| 4:22 | Create | Villager (Male) |
| 5:06 | Create | Villager (Male) |
| 5:06 | Create | Villager (Male) |
| 5:15 | Create | Villager (Male) |
| 5:44 | Create | Villager (Male) |
| 6:15 | Create | Villager (Male) |
| 6:29 | Create | Villager (Male) |
| 9:00 | Research | Feudal Age |
| 9:34 | Create | Villager (Male) |
| 9:34 | Create | Villager (Male) |
| 9:35 | Create | Villager (Male) |
| 9:47 | Build | Mining Camp |
| 9:58 | Build | Mining Camp |
| 10:08 | Build | House |
| 10:12 | Build | House |
| 10:13 | Build | House |
| 10:14 | Build | House |
| 10:15 | Build | House |
| 10:47 | Build | Mill |
| 10:56 | Create | Villager (Male) |
| 11:10 | Age | Feudal Age |
| 12:00 | Create | Villager (Male) |
| 12:01 | Create | Villager (Male) |
| 12:28 | Create | Villager (Male) |
| 12:29 | Create | Villager (Male) |
| 13:03 | Create | Villager (Male) |
| 13:28 | Build | Barracks |
| 14:09 | Create | Villager (Male) |
| 14:09 | Create | Villager (Male) |
| 14:32 | Build | Stone Wall |
| 14:41 | Create | Villager (Male) |
Build order — hzhzyumin
First 150 of 252 actions detected
| 0:05 | Create | Villager (Male) |
| 0:05 | Research | Loom |
| 0:06 | Create | Villager (Male) |
| 0:06 | Create | Villager (Male) |
| 0:06 | Create | Villager (Male) |
| 0:07 | Create | Villager (Male) |
| 0:07 | Create | Villager (Male) |
| 0:07 | Create | Villager (Male) |
| 0:16 | Build | House |
| 0:18 | Build | House |
| 0:19 | Build | House |
| 0:19 | Build | House |
| 2:26 | Build | Palisade Wall |
| 2:28 | Create | Villager (Male) |
| 2:29 | Create | Villager (Male) |
| 2:59 | Create | Villager (Male) |
| 3:00 | Create | Villager (Male) |
| 3:00 | Create | Villager (Male) |
| 3:39 | Build | Palisade Wall |
| 3:52 | Create | Villager (Male) |
| 3:52 | Create | Villager (Male) |
| 3:53 | Create | Villager (Male) |
| 4:08 | Create | Villager (Male) |
| 4:08 | Create | Villager (Male) |
| 4:08 | Create | Villager (Male) |
| 4:59 | Build | House |
| 5:01 | Build | House |
| 5:25 | Create | Villager (Male) |
| 5:25 | Create | Villager (Male) |
| 5:25 | Create | Villager (Male) |
| 5:25 | Create | Villager (Male) |
| 6:00 | Build | Mill |
| 6:18 | Create | Villager (Male) |
| 6:19 | Create | Villager (Male) |
| 6:39 | Create | Villager (Male) |
| 6:39 | Create | Villager (Male) |
| 7:14 | Create | Villager (Male) |
| 7:15 | Create | Villager (Male) |
| 7:15 | Create | Villager (Male) |
| 7:42 | Create | Villager (Male) |
| 7:43 | Create | Villager (Male) |
| 7:43 | Create | Villager (Male) |
| 8:25 | Create | Villager (Male) |
| 8:25 | Create | Villager (Male) |
| 8:26 | Create | Villager (Male) |
| 8:26 | Create | Villager (Male) |
| 8:26 | Create | Villager (Male) |
| 8:37 | Build | Mill |
| 9:53 | Create | Villager (Male) |
| 9:54 | Create | Villager (Male) |
| 9:54 | Create | Villager (Male) |
| 9:54 | Create | Villager (Male) |
| 10:22 | Build | Lumber Camp |
| 10:37 | Create | Villager (Male) |
| 10:37 | Create | Villager (Male) |
| 10:38 | Create | Villager (Male) |
| 10:38 | Create | Villager (Male) |
| 10:38 | Create | Villager (Male) |
| 10:38 | Create | Villager (Male) |
| 11:13 | Create | Villager (Male) |
| 11:13 | Create | Villager (Male) |
| 11:13 | Create | Villager (Male) |
| 11:14 | Create | Villager (Male) |
| 11:14 | Create | Villager (Male) |
| 11:59 | Build | Mill |
| 12:17 | Build | Mining Camp |
| 12:28 | Research | Feudal Age |
| 13:48 | Create | Villager (Male) |
| 13:49 | Create | Villager (Male) |
| 13:49 | Create | Villager (Male) |
| 15:25 | Age | Feudal Age |
| 15:28 | Research | Double-Bit Axe |
| 15:31 | Research | Horse Collar |
| 15:34 | Research | Gold Mining |
| 15:55 | Build | Market |
| 16:07 | Build | Farm |
| 16:08 | Build | Farm |
| 16:09 | Build | Farm |
| 16:10 | Build | Farm |
| 16:12 | Build | Farm |
| 16:31 | Build | Farm |
| 16:44 | Build | Blacksmith |
| 17:24 | Build | Lumber Camp |
| 17:28 | Create | Villager (Male) |
| 17:29 | Research | Wheelbarrow |
| 17:35 | Build | Farm |
| 17:37 | Build | Farm |
| 17:39 | Build | Farm |
| 17:40 | Build | Farm |
| 18:00 | Build | Farm |
| 18:01 | Build | Farm |
| 18:02 | Build | Farm |
| 18:41 | Build | House |
| 18:42 | Build | House |
| 19:00 | Build | Blacksmith |
| 19:28 | Build | Watch Tower |
| 19:44 | Research | Fletching |
| 19:53 | Research | Castle Age |
| 19:54 | Research | Castle Age |
| 20:16 | Build | Barracks |
| 20:32 | Build | Palisade Wall |
| 20:37 | Build | Palisade Wall |
| 20:45 | Research | Town Watch |
| 20:51 | Build | Stable |
| 20:53 | Build | Stable |
| 22:13 | Build | Watch Tower |
| 22:19 | Age | Castle Age |
| 22:28 | Build | Lumber Camp |
| 22:34 | Create | Knight |
| 22:34 | Create | Knight |
| 22:35 | Create | Knight |
| 22:55 | Build | Lumber Camp |
| 23:18 | Create | Villager (Male) |
| 23:19 | Create | Villager (Male) |
| 23:19 | Create | Villager (Male) |
| 23:19 | Create | Villager (Male) |
| 23:19 | Create | Villager (Male) |
| 23:20 | Create | Villager (Male) |
| 23:20 | Create | Villager (Male) |
| 23:20 | Create | Villager (Male) |
| 23:48 | Research | Heavy Plow |
| 23:53 | Research | Bow Saw |
| 24:35 | Create | Knight |
| 24:35 | Create | Knight |
| 24:49 | Build | Monastery |
| 26:23 | Create | Knight |
| 26:23 | Create | Knight |
| 26:23 | Create | Knight |
| 26:24 | Create | Knight |
| 26:24 | Create | Knight |
| 26:52 | Build | Farm |
| 26:53 | Build | Farm |
| 26:55 | Build | Farm |
| 26:56 | Build | Farm |
| 26:58 | Build | Farm |
| 27:50 | Build | Stone Wall |
| 27:54 | Build | Gate |
| 28:26 | Research | Hand Cart |
| 28:26 | Create | Villager (Male) |
| 28:26 | Create | Villager (Male) |
| 28:27 | Create | Villager (Male) |
| 28:27 | Create | Villager (Male) |
| 28:27 | Create | Villager (Male) |
| 28:28 | Create | Villager (Male) |
| 28:28 | Create | Villager (Male) |
| 28:28 | Create | Villager (Male) |
| 28:28 | Create | Villager (Male) |
| 28:56 | Build | Town Center |
| 29:17 | Build | House |
| 29:18 | Build | House |
Build order — [ART] Amnesia
43 actions detected in the replay
| 0:03 | Research | Loom |
| 0:03 | Create | Villager (Male) |
| 0:03 | Create | Villager (Male) |
| 0:04 | Create | Villager (Male) |
| 0:04 | Create | Villager (Male) |
| 0:08 | Build | House |
| 0:10 | Build | House |
| 0:55 | Build | Palisade Wall |
| 1:43 | Create | Villager (Male) |
| 1:59 | Build | Palisade Gate |
| 2:29 | Create | Villager (Male) |
| 2:47 | Create | Villager (Male) |
| 3:04 | Build | Lumber Camp |
| 3:18 | Create | Villager (Male) |
| 3:32 | Create | Villager (Male) |
| 4:20 | Create | Villager (Male) |
| 4:52 | Create | Villager (Male) |
| 5:02 | Build | House |
| 5:16 | Create | Villager (Male) |
| 5:41 | Create | Villager (Male) |
| 6:03 | Create | Villager (Male) |
| 7:18 | Build | Mill |
| 7:33 | Create | Villager (Male) |
| 8:21 | Research | Feudal Age |
| 9:02 | Build | Barracks |
| 9:08 | Create | Villager (Male) |
| 9:40 | Create | Villager (Male) |
| 9:52 | Build | House |
| 10:31 | Age | Feudal Age |
| 10:46 | Research | Double-Bit Axe |
| 11:04 | Build | Mining Camp |
| 11:07 | Create | Villager (Male) |
| 11:17 | Build | House |
| 11:24 | Create | Villager (Male) |
| 11:44 | Create | Villager (Male) |
| 11:52 | Create | Villager (Male) |
| 12:25 | Build | Archery Range |
| 12:36 | Create | Militia |
| 12:37 | Research | Man-at-Arms (upgrade) |
| 12:48 | Build | Palisade Wall |
| 13:06 | Create | Villager (Male) |
| 14:08 | Create | Militia |
| 14:09 | Create | Militia |
Match timeline
| 0:55 | [ART] Amnesia · wall_segment Palisade Wall x11 |
| 2:11 | Luigi · wall_segment Palisade Wall x13 |
| 2:23 | Luigi · wall_segment Palisade Wall x13 |
| 2:26 | hzhzyumin · wall_segment Palisade Wall x12 |
| 3:39 | hzhzyumin · wall_segment Palisade Wall x13 |
| 7:18 | しこっぴ · first_building Barracks |
| 9:02 | [ART] Amnesia · first_building Barracks |
| 10:31 | [ART] Amnesia · age_up feudal |
| 11:10 | TerciosBlanquiazules · age_up feudal |
| 12:21 | しこっぴ · age_up feudal |
| 12:25 | [ART] Amnesia · first_building Archery Range |
| 12:48 | [ART] Amnesia · wall_segment Palisade Wall x12 |
| 12:58 | Orange Jiangzc · age_up feudal |
| 13:07 | Marul · age_up feudal |
| 13:28 | TerciosBlanquiazules · first_building Barracks |
| 13:55 | Luigi · first_building Barracks |
| 14:32 | TerciosBlanquiazules · wall_segment Stone Wall x15 |
| 14:38 | [ART] Amnesia · resign |
| 15:00 | しこっぴ · wall_segment Stone Wall x22 |
| 15:25 | hzhzyumin · age_up feudal |
| 15:26 | Luigi · age_up feudal |
| 15:54 | 打狗棍专打疯狗恶狗 · age_up feudal |
| 15:58 | Marul · wall_segment Stone Wall x14 |
| 16:10 | Luigi · wall_segment Stone Wall x12 |
| 16:11 | Marul · first_building Barracks |
| 16:35 | Luigi · wall_segment Stone Wall x13 |
| 16:36 | Orange Jiangzc · age_up castle |
| 16:43 | Orange Jiangzc · first_building Castle |
| 16:44 | Marul · first_building Archery Range |
| 17:34 | しこっぴ · first_building Archery Range |
| 17:46 | 打狗棍专打疯狗恶狗 · first_market_sell 100 wood |
| 17:49 | hzhzyumin · first_market_buy 100 wood |
| 20:16 | hzhzyumin · first_building Barracks |
| 20:28 | 打狗棍专打疯狗恶狗 · age_up castle |
| 20:32 | hzhzyumin · wall_segment Palisade Wall x1 |
| 20:37 | hzhzyumin · wall_segment Palisade Wall x3 |
| 20:51 | hzhzyumin · first_building Stable |
| 20:56 | しこっぴ · wall_segment Stone Wall x1 |
| 20:58 | しこっぴ · wall_segment Stone Wall x1 |
| 21:00 | しこっぴ · wall_segment Stone Wall x1 |
| 21:09 | Marul · age_up castle |
| 21:14 | 打狗棍专打疯狗恶狗 · first_building Castle |
| 22:19 | hzhzyumin · age_up castle |
| 22:24 | Luigi · first_building Archery Range |
| 23:01 | 打狗棍专打疯狗恶狗 · first_building Monastery |
| 24:14 | Marul · first_building Castle |
| 24:49 | hzhzyumin · first_building Monastery |
| 25:13 | Orange Jiangzc · first_building Monastery |
| 26:18 | hzhzyumin · first_market_sell 100 wood |
| 26:29 | Marul · wall_segment Stone Wall x15 |
| 27:46 | Luigi · first_building Stable |
| 27:50 | hzhzyumin · wall_segment Stone Wall x13 |
| 28:10 | Luigi · wall_segment Stone Wall x11 |
| 31:04 | Orange Jiangzc · first_building Barracks |
| 31:23 | 打狗棍专打疯狗恶狗 · wall_segment Stone Wall x9 |
| 31:31 | Luigi · age_up castle |
| 31:38 | Marul · first_building Siege Workshop |
| 32:11 | Marul · first_market_buy 100 stone |
| 32:34 | Orange Jiangzc · first_building Siege Workshop |
| 32:58 | しこっぴ · age_up castle |
| 33:03 | Orange Jiangzc · age_up imperial |
| 33:11 | 打狗棍专打疯狗恶狗 · age_up imperial |
| 33:25 | Marul · wall_segment Stone Wall x33 |
| 35:08 | Orange Jiangzc · first_building Archery Range |
| 35:10 | Orange Jiangzc · first_building Stable |
| 37:34 | しこっぴ · first_building Castle |
| 40:07 | hzhzyumin · age_up imperial |
| 41:31 | hzhzyumin · first_building Castle |
[ AI ANALYSIS · 1 CREDIT ]
What really happened in this match?
Wolo.gg analyzes every decision: build order, eco, micro, common mistakes by bracket. Personalized analysis on WhatsApp or Discord in 30 seconds.
Civ guide
Mongols
Map guide
Black Forest
Perfil
Jugador #20184800